Map: [EWC] Goldenaura

Players

Serral - Winner!

  • Race: Zerg Zerg
  • Spawn Location: 5:00

herO

  • Race: Protoss Protoss
  • Spawn Location: 12:00

Event: Esports World Cup 2024

VOD

Have the link to the VOD?

Description

Time

  • Played on: Aug. 15, 2024, 7:11 a.m.
  • Length: 11:14

All games in this series

Show
View Real Time Build Order
Export as new Build Order

Serral Zerg - Winner!

Build Orders: Hatch First, Lurkers, Roach Hydra 

Get SALT Encoding   

  12  0:00  Drone  
  13  0:07  Drone  
  13  0:14  Drone, Extractor  
  15  0:36  Hatchery  
  15  0:41  Extractor  
  15  0:42  Drone  
  14  0:48  Overlord  
  15  1:04  Spawning Pool  
  14  1:07  Drone  
  15  1:11  Drone  
  15  1:14  Drone  
  17  1:19  Drone  
  18  1:29  Drone  
  19  1:40  Drone  
  20  1:50  Queen x2  
  20  1:52  Zergling x2  
  25  1:56  Overlord  
  25  2:01  Drone x2  
  27  2:10  Drone  
  27  2:14  Drone  
  29  2:20  Drone  
  31  2:22  Drone  
  31  2:26  Queen  
  31  2:27  Queen  
  35  2:31  Drone  
  35  2:32  Overlord  
  36  2:46  Hatchery  
  36  2:48  Drone  
  36  2:49  Extractor  
  36  2:51  Drone  
  36  2:53  Drone  
  37  2:59  Drone x3  
  37  3:01  Drone  
  37  3:03  Drone  
  37  3:05  Drone  
  43  3:07  Drone  
  43  3:12  Overlord  
  44  3:25  Overlord  
  44  3:29  Queen  
  44  3:32  Queen  
  44  3:33  Drone x4  
  52  3:37  Overlord  
  52  3:44  Drone  
  52  3:45  Drone x4  
  57  3:50  Spore Crawler  
  57  3:51  Spore Crawler  
  57  3:52  Metabolic Boost  
  57  3:55  Overlord  
  54  4:00  Zergling x4  
  56  4:03  Zergling x4  
  56  4:04  Drone x2  
  56  4:07  Drone  
  61  4:10  Drone x2  
  61  4:13  Overlord  
  61  4:14  Drone  
  64  4:19  Overlord  
  64  4:20  Drone x2  
  66  4:26  Spore Crawler  
  66  4:31  Zergling x2, Overlord  
  66  4:32  Drone  
  66  4:37  Extractor, Lair  
  66  4:39  Drone x2  
  66  4:40  Drone  
  66  4:41  Zergling x2  
  66  4:43  Drone x4  
  74  4:46  Drone x2  
  74  4:47  Drone  
  74  4:49  Drone  
  78  4:54  Drone  
  78  4:55  Drone x2  
  81  5:05  Extractor  
  81  5:06  Drone x2, Extractor  
  81  5:09  Roach Warren  
  81  5:10  Hatchery, Drone x4  
  83  5:15  Drone x3  
  83  5:17  Drone x2  
  83  5:18  Drone, Evolution Chamber  
  83  5:19  Drone  
  83  5:20  Drone  
  90  5:24  Drone  
  91  5:31  Drone x2  
  91  5:32  Extractor x2  
  91  5:34  Drone  
  92  5:36  Overseer  
  92  5:39  Spire  
  92  5:40  Overlord  
  92  5:42  Zergling x12  
  97  5:47  Zerg Missile Weapons Level 1  
  97  5:50  Zergling x4  
  97  5:51  Overlord  
  97  5:55  Glial Reconstitution  
  98  5:59  Overlord  
  98  6:02  Zergling x4  
  98  6:03  Zergling x2  
  98  6:04  Overlord, Infestation Pit  
  100  6:06  Overlord  
  100  6:08  Overlord  
  100  6:16  Drone x2  
  100  6:17  Drone x2  
  100  6:18  Drone  
  105  6:19  Overlord  
  105  6:30  Drone x2  
  105  6:32  Drone x2  
  101  6:38  Extractor  
  101  6:39  Extractor  
  99  6:40  Drone x4  
  99  6:44  Overlord  
  99  6:46  Zergling x10, Roach x3  
  114  6:59  Mutalisk  
  114  7:00  Mutalisk x3  
  122  7:02  Mutalisk x4  
  122  7:04  Mutalisk  
  132  7:10  Zergling x6, Roach x5  
  145  7:18  Overlord x3  
  145  7:22  Hatchery  
  144  7:24  Roach x2  
  144  7:25  Roach x2  
  144  7:29  Overlord  
  151  7:30  Ravager x4  
  151  7:36  Roach x6  
  167  7:44  Overlord x2  
  167  7:46  Ravager x2  
  167  7:50  Roach x5  
  167  7:51  Roach  
  181  8:04  Hive  
  180  8:05  Hydralisk Den  
  180  8:08  Zergling x26  
  184  8:28  Zergling x4  
  184  8:29  Zergling x16  
  193  8:36  Grooved Spines  
  193  8:39  Drone x5, Lurker Den  
  193  8:41  Zerg Missile Weapons Level 2  
  196  8:44  Drone x3  
  196  8:45  Drone x2  
  193  8:54  Hydralisk x4  
  194  9:09  Hydralisk  
  190  9:10  Hydralisk x5  
  190  9:16  Spore Crawler, Extractor x2  
  193  9:18  Viper x2  
  193  9:19  Hatchery, Evolution Chamber  
  195  9:26  Muscular Augments  
  195  9:38  Seismic Spines  
  194  9:41  Hydralisk x5  
  195  9:47  Lurker  
  195  9:48  Lurker x2  
  196  9:54  Lurker  
  191  10:00  Spine Crawler  
  191  10:01  Lurker  
  191  10:02  Lurker  
  191  10:05  Drone x3  
  191  10:06  Drone  
  191  10:10  Spine Crawler  
  191  10:12  Drone x2  
  188  10:16  Lurker x4  
  188  10:17  Drone x2  
  194  10:26  Spine Crawler  
  194  10:27  Hydralisk x3  
  196  10:37  Overseer  
  196  10:45  Hydralisk x2  
  200  10:51  Extractor x2  
Show
View Real Time Build Order
Export as new Build Order

herO Protoss 

Build Orders: 1 Gate Expand, Oracle Opening, Zealot Archon 

Get SALT Encoding   

  12  0:00  Probe  
  13  0:14  Pylon  
  13  0:17  Probe (Chrono Boost)  
  14  0:26  Probe (Chrono Boost)  
  15  0:31  Probe (Chrono Boost)  
  16  0:40  Gateway  
  16  0:43  Probe  
  16  0:48  Assimilator  
  17  0:55  Probe  
  18  1:07  Probe  
  19  1:19  Probe  
  20  1:26  Nexus  
  20  1:34  Cybernetics Core  
  20  1:37  Probe  
  21  1:42  Assimilator  
  21  1:49  Probe  
  21  1:52  Pylon  
  22  2:01  Probe (Chrono Boost)  
  23  2:10  Adept  
  23  2:13  Probe (Chrono Boost)  
  26  2:21  Probe (Chrono Boost), Stargate  
  27  2:28  Probe (Chrono Boost)  
  27  2:29  Warp Gate  
  28  2:39  Probe (Chrono Boost)  
  28  2:40  Stalker, Probe (Chrono Boost)  
  32  2:47  Probe x2 (Chrono Boost)  
  34  2:52  Probe (Chrono Boost)  
  34  2:54  Probe  
  36  3:04  Oracle (Chrono Boost), Probe  
  37  3:06  Probe  
  37  3:10  Pylon  
  41  3:16  Probe  
  41  3:18  Probe  
  43  3:30  Probe  
  43  3:32  Probe  
  45  3:36  Oracle (Chrono Boost)  
  45  3:41  Nexus  
  48  3:42  Pylon  
  48  3:46  Probe  
  48  3:47  Probe  
  50  3:51  Assimilator  
  50  3:52  Assimilator  
  50  3:59  Pylon, Probe x2  
  52  4:05  Oracle (Chrono Boost)  
  55  4:11  Forge, Probe x2  
  57  4:23  Probe x2  
  59  4:27  Twilight Council  
  59  4:29  Adept  
  61  4:32  Gateway  
  61  4:35  Probe (Chrono Boost)  
  63  4:40  Gateway  
  63  4:41  Gateway, Probe (Chrono Boost)  
  63  4:45  Protoss Ground Weapons Level 1, Probe (Chrono Boost)  
  64  4:50  Probe (Chrono Boost)  
  66  4:53  Probe (Chrono Boost)  
  66  4:54  Probe (Chrono Boost)  
  66  4:56  Shield Battery  
  68  5:04  Probe x2 (Chrono Boost)  
  68  5:05  Probe (Chrono Boost)  
  70  5:11  Probe (Chrono Boost)  
  70  5:12  Probe (Chrono Boost)  
  70  5:14  Robotics Facility  
  70  5:16  Probe (Chrono Boost)  
  70  5:18  Pylon  
  70  5:20  Charge  
  70  5:23  Assimilator  
  70  5:26  Assimilator  
  70  5:27  Probe (Chrono Boost)  
  70  5:28  Adept x2  
  75  5:29  Probe (Chrono Boost)  
  75  5:31  Probe (Chrono Boost)  
  75  5:32  Probe (Chrono Boost)  
  78  5:35  Probe (Chrono Boost)  
  78  5:38  Probe  
  78  5:41  Pylon  
  78  5:42  Probe  
  81  5:43  Stalker x2, Gateway  
  81  5:48  Probe  
  86  5:50  Probe  
  86  5:54  Probe  
  88  5:57  Pylon  
  88  5:58  Pylon  
  88  5:59  Warp Prism (Chrono Boost)  
  88  6:00  Probe  
  88  6:01  Gateway  
  88  6:03  Templar Archives  
  91  6:12  Robotics Bay  
  91  6:13  Stalker  
  91  6:14  Pylon  
  91  6:17  Zealot x2, Sentry  
  99  6:29  Pylon, Immortal (Chrono Boost)  
  103  6:38  Zealot x3  
  103  6:39  Protoss Ground Weapons Level 2 (Chrono Boost)  
  101  6:40  Zealot  
  101  6:41  Zealot  
  104  6:48  Pylon x2  
  104  6:53  Probe  
  105  6:57  High Templar  
  105  6:58  High Templar x2  
  105  6:59  High Templar  
  113  7:02  Archon, Pylon  
  113  7:03  Archon, Immortal (Chrono Boost)  
  113  7:06  Nexus  
  117  7:12  Zealot x2  
  117  7:14  Probe x3  
  124  7:22  Photon Cannon  
  124  7:23  Photon Cannon  
  124  7:25  Shield Battery  
  124  7:28  Pylon  
  124  7:34  Shield Battery, Disruptor (Chrono Boost)  
  124  7:35  Gateway  
  128  7:38  Probe x3  
  128  7:41  Pylon  
  131  7:45  High Templar x4  
  139  7:53  Zealot x2  
  139  7:55  Phoenix (Chrono Boost)  
  132  8:00  Photon Cannon  
  132  8:02  Probe x2  
  132  8:03  Probe  
  127  8:11  Archon x2, Phoenix (Chrono Boost)  
  125  8:13  Blink  
  125  8:23  Probe x4  
  123  8:34  Phoenix (Chrono Boost)  
  123  8:35  Stalker x2  
  123  8:39  Zealot x5  
  123  8:51  Phoenix  
  123  8:52  Probe  
  123  8:53  Probe x2  
  126  8:58  Warp Prism (Chrono Boost)  
  126  9:07  Protoss Ground Armor Level 1 (Chrono Boost), Probe x3  
  128  9:11  Zealot x5  
  137  9:23  Probe x2  
  139  9:32  Disruptor (Chrono Boost), Zealot  
  139  9:33  Zealot x6  
  149  9:44  Probe x4  
  140  9:54  Disruptor  
  140  9:56  Probe x4  
  142  10:01  Zealot  
  146  10:08  Probe x4  
  146  10:14  Assimilator x2  
  148  10:20  Probe x4  
  150  10:27  Zealot, High Templar x2  
  150  10:28  Zealot x2  
  158  10:32  Archon, Probe x3  
  158  10:33  Probe  
  160  10:38  Zealot x2  
  152  10:52  Zealot x3  
  108  11:07  Zealot x4  
Tags
 
Add a new tag
Caveats
  • Supply blocks, unpowered buildings, or Contaminate may cause inaccurate times.
  • Supply counts are checked every 10 seconds.